[Event "*** Titled Tuesday Blitz"]
[Site "Chess.com"]
[Date "2020.04.21"]
[Round "1"]
[White "CroissantNeuf"]
[Black "Nakachuk"]
[Result "0-1"]
[WhiteElo "2402"]
[BlackElo "2776"]
[TimeControl "180+1"]
[EndTime "10:05:50 PDT"]
[Termination "Nakachuk won by resignation"]

1. Nf3 Nf6 2. g3 g6 3. b3 Bg7 4. Bb2 O-O 5. Bg2 d6 6. d4 b5 7.
a4 bxa4 8. Rxa4 Bb7 9. O-O Nbd7 10. Nbd2 c5 11. Qa1 a6 12. Nc4 Qc7 13. Na5 Be4 14.
dxc5 Nxc5 15. Rc4 d5 16. Be5 Qb6 17. Rc3 Rfc8 18. Bd4 Ne8 19. Bxg7 Nxg7 20. Qa3 Nb7 21. Rxc8+ Rxc8 22. Nxb7 Qxb7 23. Rc1 Rxc2 24. Rxc2 Bxc2 25. Nd4 Bf5 26. Qc5 Ne6 27. Nxe6 Bxe6 28. b4 Qb5 29. Qxe7 Qxe2 30. Qc5 Qd1+ 31. Bf1 Bh3 32. Qc8+ Bxc8 0-1

[Event "*** Titled Tuesday Blitz"]
[Site "Chess.com"]
[Date "2020.04.21"]
[Round "1"]
[White "Durarbayli"]
[Black "evgenyermolaev"]
[Result "0-1"]
[WhiteElo "2808"]
[BlackElo "2457"]
[TimeControl "180+1"]
[EndTime "10:05:51 PDT"]
[Termination "evgenyermolaev won by resignation"]

1. e4 c5 2. Nf3 d6 3. d4 cxd4 4. Nxd4 Nf6 5. Nc3 a6 6. Be2 e5 7. Nb3 Be7 8. O-O O-O 9. Be3 Be6 10. f4 exf4 11. Bxf4 Nc6 12. Kh1 Qc7 13. Qe1 Nd7 14. Nd5 Bxd5 15. exd5 Nce5 16. Nd4 Rfe8 17. Qg3 Bf8 18.
c3 Nf6 19. Bxe5 dxe5 20. Rxf6 Qd8 21. Raf1 exd4 22. Bh5 Re3 23. Qg4 Qxf6 0-1

[Event "*** Titled Tuesday Blitz"]
[Site "Chess.com"]
[Date "2020.04.21"]
[Round "1"]
[White "pomeraniandog"]
[Black "GelmanAlexander"]
[Result "0-1"]
[WhiteElo "1692"]
[BlackElo "2483"]
[TimeControl "180+1"]
[EndTime "10:05:51 PDT"]
[Termination "GelmanAlexander won by checkmate"]

1. e4 c5 2. Nf3 e6 3. g3 Nc6 4. Bg2 Nf6 5. Nc3 Be7 6. O-O d6 7. d4 cxd4 8. Nxd4 Bd7 9. f4 a6 10. Be3 O-O 11. a4 Qc7 12. h3 Rac8 13. Qd2 Na5 14.
Qe2 Nc4 15. Bc1 Qb6 16. Qf2 d5 17. e5 Bc5 18. Rd1 Nxb2 19. Bxb2 Qxb2 20. exf6 Qxc3 21. Rd3 Qxa1+ 22. Bf1 gxf6 23. Kg2 Bxd4 24. Rxd4 Rxc2 25. Qxc2 Qxd4 26. Qc7 Bc6 27. Qd6 Qe4+ 28. Kg1 d4 29.
Qe7 Qh1+ 30. Kf2 Qh2+ 31. Ke1 Qxg3+ 32. Kd1 Bxa4+ 33. Ke2 Qe3# 0-1

[Event "*** Titled Tuesday Blitz"]
[Site "Chess.com"]
[Date "2020.04.21"]
[Round "1"]
[White "Flawless_Fighter"]
[Black "Playgood28"]
[Result "1/2-1/2"]
[WhiteElo "2554"]
[BlackElo "2207"]
[TimeControl "180+1"]
[EndTime "10:05:52 PDT"]
[Termination "Game drawn by repetition"]

1. e4 e5 2. Nf3 d6 3. d4 exd4 4. Nxd4 Nf6 5. Nc3 Be7 6. Bg5 Nxe4 7. Nxe4 Bxg5 8. Bd3 Bf6 9. Nxf6+ Qxf6 10. O-O O-O 11. Re1 Bd7 12. c3 Nc6 13. Nb5 Rac8 14. Qd2 a6 15. Na3 Rfe8 16. Nc2 Rxe1+ 17. Rxe1 Re8 18.
Ne3 h6 19. h3 Qg5 20. Kh1 Ne5 21.
Bf1 Ng6 22. c4 Bc6 23. Kh2 Nh4 24. Qd1 Qf4+ 25. Kg1 Qg5 26. Kh2 Qf4+ 27. Kg1 Qg5 28. Kh2 1/2-1/2

[Event "*** Titled Tuesday Blitz"]
[Site "Chess.com"]
[Date "2020.04.21"]
[Round "1"]
[White "binbin239"]
[Black "Shaman91"]
[Result "0-1"]
[WhiteElo "2449"]
[BlackElo "2859"]
[TimeControl "180+1"]
[EndTime "10:05:53 PDT"]
[Termination "Shaman91 won by resignation"]

1. d4 d6 2. c4 e5 3. g3 Nd7 4. Bg2 g6 5. Nf3 Bg7 6. O-O Nh6 7. Nc3 O-O 8. dxe5 dxe5 9. Nd5 c6 10. Nc3 f5 11. e4 Nf7 12. exf5 gxf5 13. Qc2 e4 14.
Nh4 Nde5 15. Rd1 Qe7 16. Bh3 Ng5 17. Bxg5 Qxg5 18. c5 Nd3 19. Rxd3 exd3 20. Qxd3 f4 21. Bg2 fxg3 22. hxg3 Qxc5 23. Ne4 Qd4 24. Qb3+ Kh8 25. Re1 Qxb2 26. Qc4 Qd4 27. Qb3 Bg4 28. Qxb7 Rae8 29. Qxc6 Re6 30. Qb7 Rxf2 31. Nxf2 Rxe1+ 32. Bf1 Re8 33. Qf7 Rf8 0-1

[Event "*** Titled Tuesday Blitz"]
[Site "Chess.com"]
[Date "2020.04.21"]
[Round "1"]
[White "Cecile-Haussernot"]
[Black "Aygehovit1992"]
[Result "0-1"]
[WhiteElo "2345"]
[BlackElo "2680"]
[TimeControl "180+1"]
[EndTime "10:05:53 PDT"]
[Termination "Aygehovit1992 won by resignation"]

1. e4 g6 2. d4 d6 3. Nc3 Bg7 4. Be3 c6 5. Qd2 b5 6. O-O-O Nd7 7. f4 Ngf6 8. h3 b4 9. Na4 Nxe4 10. Qxb4 Ng3 11. Rh2 Rb8 12. Qe1 Nxf1 13. Qxf1 Qa5 14. Nc3 Nf6 15. g4 Nd5 16. Nxd5 cxd5 17. Qd3 Qxa2 18.
Qa3 Qxa3 19. bxa3 Ba6 20. Nf3 Kd7 21. f5 Rhc8 22. Ng5 Bh6 23. Re1 Rc3 24. Kd2 Rxa3 25. Nxf7 Bxe3+ 26. Rxe3 Rxe3 27. Kxe3 gxf5 28. gxf5 Rf8 29.
Nh6 Rf6 30. Ng4 Rxf5 31. c3 Bc4 32. Rb2 Rh5 33. Rb7+ Ke8 34. Kf4 Rxh3 35. Kf5 Be2 36. Rxa7 Rh5+ 37. Kf4 Rh4 38. Kf5 Rxg4 39. c4 dxc4 40. d5 Rg6 0-1

[Event "*** Titled Tuesday Blitz"]
[Site "Chess.com"]
[Date "2020.04.21"]
[Round "1"]
[White "WPWPWP-2015"]
[Black "Pechen_Yeltsina"]
[Result "0-1"]
[WhiteElo "2423"]
[BlackElo "2804"]
[TimeControl "180+1"]
[EndTime "10:05:54 PDT"]
[Termination "Pechen_Yeltsina won by resignation"]

1. e4 g6 2. d4 Bg7 3. Nc3 d6 4.
Nf3 a6 5. Bc4 e6 6. O-O b5 7. Bd3 Bb7 8. a3 Nd7 9. Re1 Ne7 10. h3 h6 11. Bf4 g5 12. Be3 Ng6 13. Nh2 O-O 14. Ne2 c5 15. c3 c4 16. Bc2 f5 17. exf5 exf5 18. f4 Nb6 19. Qd2 Nd5 20.
Rf1 Qe7 21. Rf3 Rae8 22. Nf1 Ndxf4 23. Nxf4 gxf4 24. Rxf4 Nxf4 25. Bxf4 Qe2 26. Qxe2 Rxe2 27. Ne3 Re8 28. Bxf5 R8xe3 29. Bxe3 Rxe3 30. Kf2 Re7 31. g4 Bf6 32. a4 Bh4+ 33. Kf1 Bf3 34. axb5 axb5 35. Kg1 Bg3 36. Rf1 Re1 37. Rxe1 Bxe1 38. Bd7 Bd2 39. Bxb5 Bd5 40. Kf2 Bc1 41. Ke2 Bxb2 42.
Kd2 Be6 43. h4 d5 44. g5 hxg5 45. hxg5 Kg7 46. Be8 Ba3 47. Ke3 Bc1+ 48. Kf3 Bxg5 49. Ke2 Bg4+ 50. Ke1 Kf6 51. Bc6 Bf3 52. Bb7 Kf5 53.
Kf2 Ke4 54. Bxd5+ Kxd5 55. Kxf3 Bd2 0-1

[Event "*** Titled Tuesday Blitz"]
[Site "Chess.com"]
[Date "2020.04.21"]
[Round "1"]
[White "JoakimVonAnd"]
[Black "ShieldingOff"]
[Result "1-0"]
[WhiteElo "2498"]
[BlackElo "1990"]
[TimeControl "180+1"]
[EndTime "10:05:54 PDT"]
[Termination "JoakimVonAnd won on time"]

1. d4 c5 2. d5 e5 3. e4 d6 4. Nc3 Be7 5. Nf3 a6 6. a4 Bg4 7. h3 Bxf3 8. Qxf3 Bg5 9. Bxg5 Qxg5 10. Bd3 Ne7 11. h4 Qf4 12. Qxf4 exf4 13. Ne2 f3 14. gxf3 Nd7 15. f4 f5 16. f3 O-O 17.
O-O-O Rac8 18. b3 Rb8 19. a5 Rbe8 20. h5 h6 21. Rdg1 Kh8 22. Rg3 Rf7 23. Rhg1 Ref8 24. Bc4 Nf6 25. e5 Nxh5 26. Rh3 g6 27. exd6 Ng8 28. Rxg6 Nhf6 29. Ng3 Kh7 30. Rg5 1-0

[Event "*** Titled Tuesday Blitz"]
[Site "Chess.com"]
[Date "2020.04.21"]
[Round "1"]
[White "mbachez"]
[Black "Yaacovn"]
[Result "0-1"]
[WhiteElo "2430"]
[BlackElo "2815"]
[TimeControl "180+1"]
[EndTime "10:05:55 PDT"]
[Termination "Yaacovn won by resignation"]

1. e4 c6 2. d4 d5 3. e5 Bf5 4.
Nf3 e6 5. Nbd2 Ne7 6. Nb3 Bg6 7.
Be2 Nf5 8. Bd2 Nd7 9. O-O a6 10. Ba5 b6 11. Bd2 c5 12. c4 dxc4 13. Bxc4 b5 14.
Be2 c4 15. Ba5 Qb8 16. Nbd2 Be7 17. Ne4 O-O 18. Re1 Nb6 19. b3 Rc8 20. Rc1 Nh4 21. Nxh4 Bxe4 22. Nf3 Ba3 23. Rc3 Nd5 24. bxc4 Nxc3 25.
Bxc3 bxc4 26. Qa4 Bb2 27. Ng5 Bxc3 28. Nxe4 Bxe1 29. Qa3 Qb1 30. Qf3 Bd2+ 31. Bf1 c3 32.
Qg4 Qxe4 0-1

[Event "*** Titled Tuesday Blitz"]
[Site "Chess.com"]
[Date "2020.04.21"]
[Round "1"]
[White "MilanJeremic"]
[Black "GM_DarwinLaylo"]
[Result "0-1"]
[WhiteElo "2247"]
[BlackElo "2598"]
[TimeControl "180+1"]
[EndTime "10:05:55 PDT"]
[Termination "GM_DarwinLaylo won by resignation"]

1. d4 Nf6 2. Nf3 g6 3. e3 Bg7 4. g3 c5 5. c3 O-O 6. Bg2 d5 7.
O-O Nc6 8. Nbd2 b6 9. Re1 Bb7 10. Ne5 Rc8 11. f4 e6 12. Ndf3 Ne4 13. Nxc6 Bxc6 14. Ne5 Bb7 15. Bd2 f6 16. Ng4 Qd6 17.
Nf2 Nxd2 18. Qxd2 e5 19. dxe5 fxe5 20. Rad1 Rcd8 21. c4 exf4 22. exf4 Bd4 23. cxd5 Bxd5 24. Bxd5+ Qxd5 25. b3 Qf3 26. Qc2 Rfe8 27. Rxe8+ Rxe8 28. Rf1 Re2 29. Qc4+ Kg7 30. Qxe2 Qxe2 31. a4 Qb2 32.
Kg2 Bxf2 33. Rxf2 Qxb3 34. Rd2 Qxa4 35. h4 c4 36. h5 c3 37. Re2 c2 38. Re7+ Kf6 0-1

[Event "*** Titled Tuesday Blitz"]
[Site "Chess.com"]
[Date "2020.04.21"]
[Round "1"]
[White "sboshaon21"]
[Black "vaishali2001"]
[Result "0-1"]
[WhiteElo "2036"]
[BlackElo "2504"]
[TimeControl "180+1"]
[EndTime "10:05:56 PDT"]
[Termination "vaishali2001 won by resignation"]

1. d4 Nf6 2. c4 Nc6 3. Nc3 e5 4.
d5 Ne7 5. e4 Ng6 6. g3 Bc5 7.
Bg2 h5 8. h4 d6 9. Qe2 c6 10.
Be3 Bxe3 11. Qxe3 cxd5 12. cxd5 Ng4 13. Qd3 Bd7 14. f3 Nf6 15. Nh3 Qa5 16. Ng5 b5 17.
O-O b4 18. Ne2 Bb5 19. Qd2 Qb6+ 20. Kh2 O-O 21. Rfc1 Rfc8 22. Bf1 Qf2+ 23. Kh3 Bd7+ 0-1

[Event "*** Titled Tuesday Blitz"]
[Site "Chess.com"]
[Date "2020.04.21"]
[Round "1"]
[White "otrov-11"]
[Black "Dynamikus"]
[Result "0-1"]
[WhiteElo "2377"]
[BlackElo "2718"]
[TimeControl "180+1"]
[EndTime "10:05:58 PDT"]
[Termination "Dynamikus won by checkmate"]

1. d4 Nf6 2. c4 g6 3. Nc3 Bg7 4. e4 d6 5. f4 O-O 6. Nf3 c5 7. d5 b5 8. cxb5 a6 9. bxa6 Bxa6 10. Bxa6 Nxa6 11. O-O Qb6 12. Kh1 Rfb8 13. Qe2 Nb4 14. a3 Qa6 15. Qxa6 Rxa6 16. e5 Nd7 17. exd6 exd6 18.
Bd2 Nd3 19. b4 Rba8 20. Rab1 Rxa3 21. Ne4 c4 22. Nxd6 c3 23. Bxc3 Rxc3 24. b5 Rb8 25.
Ng5 Nb6 26. Ngxf7 Nxd5 27. g3 Ne3 28. Rg1 Nf2# 0-1

[Event "*** Titled Tuesday Blitz"]
[Site "Chess.com"]
[Date "2020.04.21"]
[Round "1"]
[White "DACF2905"]
[Black "Skatchkov_V"]
[Result "0-1"]
[WhiteElo "2162"]
[BlackElo "2548"]
[TimeControl "180+1"]
[EndTime "10:05:59 PDT"]
[Termination "Skatchkov_V won by checkmate"]

1. e4 e5 2. Nf3 Nf6 3. Nxe5 d6 4.
Nf3 Nxe4 5. Nc3 Nxc3 6. dxc3 Be7 7. Be3 O-O 8. Qd2 Nd7 9. O-O-O Nf6 10. Kb1 c5 11. h4 Re8 12. h5 Qa5 13. Bc4 b5 14. Be2 Be6 15. a3 Ne4 16. Qe1 Bf6 17. c4 Nc3+ 18.
bxc3 Bxc3 19. Bd2 Qxa3 20. Bxc3 bxc4 21. Bb2 Rab8 22. Kc1 Qxb2+ 23. Kd2 Bf5 24. Rc1 c3+ 25. Kd1 Bxc2+ 26. Rxc2 Qa1+ 27. Rc1 Qa4+ 28. Rc2 Rb1# 0-1

[Event "*** Titled Tuesday Blitz"]
[Site "Chess.com"]
[Date "2020.04.21"]
[Round "1"]
[White "S2PAc"]
[Black "FranciscodelaF"]
[Result "1-0"]
[WhiteElo "2782"]
[BlackElo "2409"]
[TimeControl "180+1"]
[EndTime "10:06:00 PDT"]
[Termination "S2PAc won by resignation"]

1. d4 d5 2. Nf3 e6 3. g3 Nf6 4. Bg2 b5 5. O-O Bb7 6. a4 b4 7.
c4 bxc3 8. Nxc3 c5 9. Bf4 Na6 10.
Qb3 Qc8 11. Nb5 c4 12. Qc2 Qc6 13. Ne5 Qb6 14. b3 cxb3 15. Qxb3 Be7 16. a5 Qd8 17. Nc7+ Qxc7 18. Rfc1 Nc5 19. dxc5 Qc8 20. a6 Bc6 21.
Nxc6 Qxc6 22. Qb7 Rc8 23. Qxa7 O-O 24. Qxe7 Rfd8 25. Qb7 1-0

[Event "*** Titled Tuesday Blitz"]
[Site "Chess.com"]
[Date "2020.04.21"]
[Round "1"]
[White "zajka-molotok"]
[Black "Keranke"]
[Result "1-0"]
[WhiteElo "2421"]
[BlackElo "2763"]
[TimeControl "180+1"]
[EndTime "10:06:00 PDT"]
[Termination "zajka-molotok won by resignation"]

1. d4 g6 2. e4 Bg7 3. Nc3 d6 4.
f4 a6 5. Nf3 b5 6. a4 b4 7. Ne2 Bb7 8. Ng3 h5 9. h4 Nf6 10. Bd3 Ng4 11. a5 Nd7 12. O-O e6 13. f5 gxf5 14. Bg5 f6 15. Bd2 fxe4 16. Bxe4 Bxe4 17.
Nxe4 d5 18. Nf2 Qe7 19. Qe2 O-O 20. Nd3 c5 21. dxc5 e5 22. c6 Nb8 23. Bxb4 Qc7 24. Bxf8 Bxf8 25. Nh2 Qg7 26. Nxg4 hxg4 27. Qf2 Be7 28. c7 Nd7 29. Qf5 Bd6 30. Qe6+ 1-0

[Event "*** Titled Tuesday Blitz"]
[Site "Chess.com"]
[Date "2020.04.21"]
[Round "1"]
[White "PetrolulSah"]
[Black "11kevin"]
[Result "0-1"]
[WhiteElo "2200"]
[BlackElo "2562"]
[TimeControl "180+1"]
[EndTime "10:06:01 PDT"]
[Termination "11kevin won by resignation"]

1. d4 Nf6 2. c4 e6 3. g3 d5 4. Bg2 Be7 5. Nf3 O-O 6. O-O dxc4 7. Qc2 a6 8. a4 Bd7 9. Ne5 Bc6 10. Nxc6 Nxc6 11.
e3 Na5 12. Nd2 c5 13. Nxc4 cxd4 14. Nxa5 Qxa5 15. exd4 Rac8 16. Qe2 b6 17. Bd2 Bb4 18. Bxb4 Qxb4 19. Qxa6 Qxd4 20. Qb5 Rfd8 21. b4 Ng4 22. Rab1 Rc2 23. h3 Rxf2 24. hxg4 Rf5+ 25. Kh2 Rxb5 26.
axb5 g6 27. Bf3 Qd2+ 28. Kh1 Qh6+ 29. Kg1 Rd2 30. Bg2 Qe3+ 31. Kh2 Qe4 32. Rg1 Rxg2+ 33. Rxg2 Qxb1 0-1

[Event "*** Titled Tuesday Blitz"]
[Site "Chess.com"]
[Date "2020.04.21"]
[Round "1"]
[White "secretsuperstar7"]
[Black "TudorAnton"]
[Result "0-1"]
[WhiteElo "2175"]
[BlackElo "2554"]
[TimeControl "180+1"]
[EndTime "10:06:01 PDT"]
[Termination "TudorAnton won by resignation"]

1. d4 Nf6 2. c4 e6 3. Nc3 Bb4 4. e3 c5 5. d5 O-O 6. Bd3 exd5 7. cxd5 d6 8. Ne2 Nxd5 9. Bxh7+ Kxh7 10. Qxd5 Nc6 11. O-O Be6 12. Qh5+ Kg8 13. Nf4 Qf6 14. Ne4 Qh6 15. Qxh6 gxh6 16. Nxd6 Rad8 17. Ne4 Bc4 18. a3 Bxf1 19. Kxf1 Rd1+ 20. Ke2 Re1+ 21. Kf3 Ne5+ 22. Kg3 Ba5 23. b4 cxb4 24. axb4 Bxb4 25. Bb2 Rxa1 26. Bxa1 f6 27. Nd5 Nc6 28. Nexf6+ Kf7 29. f4 a5 30. e4 a4 31. e5 Rd8 32. f5 Nxe5 33. Bxe5 Bd6 34.
Kf4 a3 35. Nc3 b5 36. Bxd6 Rxd6 37. Nfe4 Rd8 38. g4 b4 39. Na2 b3 40. Nac3 a2 0-1

[Event "*** Titled Tuesday Blitz"]
[Site "Chess.com"]
[Date "2020.04.21"]
[Round "1"]
[White "gahryman"]
[Black "davigator"]
[Result "0-1"]
[WhiteElo "2687"]
[BlackElo "2380"]
[TimeControl "180+1"]
[EndTime "10:06:03 PDT"]
[Termination "davigator won by resignation"]

1. e4 c5 2. Nf3 Nc6 3. d4 cxd4 4. Nxd4 Nf6 5. Nc3 d6 6. Bg5 a6 7. Qd2 e6 8. O-O-O Bd7 9. f3 Nxd4 10. Qxd4 Be7 11.
h4 b5 12. Kb1 Qc7 13. h5 h6 14. Be3 Rc8 15. Qd2 Bc6 16. g4 Nd7 17. Ne2 d5 18. exd5 Bxd5 19. Nd4 Bf6 20. Be2 Ne5 21. b3 Qb7 22. Nf5 Qc7 23. g5 hxg5 24. h6 exf5 25. Qxd5 Qxc2+ 26. Ka1 Nc6+ 27. Bd4 Bxd4+ 28. Rxd4 Nxd4 29.
Bxb5+ axb5 30. Re1+ Kf8 31. Qxd4 Qc3+ 0-1

[Event "*** Titled Tuesday Blitz"]
[Site "Chess.com"]
[Date "2020.04.21"]
[Round "1"]
[White "ZAbdumalik"]
[Black "petincash"]
[Result "1-0"]
[WhiteElo "2695"]
[BlackElo "2359"]
[TimeControl "180+1"]
[EndTime "10:06:04 PDT"]
[Termination "ZAbdumalik won on time"]

1. e4 c5 2. Nf3 g6 3. d4 cxd4 4. Nxd4 Bg7 5. c4 Nc6 6. Nc2 Nf6 7. Nc3 O-O 8. Be2 b6 9. O-O Bb7 10. Ne3 Rc8 11. f3 e6 12. Rb1 Qe7 13. b3 Rfd8 14. Bb2 Qc5 15. Qd2 d5 16. Na4 Qe7 17. exd5 exd5 18.
Nxd5 Nxd5 19. cxd5 Bxb2 20. Qxb2 Nb4 21. Rbc1 Nxd5 22.
Rxc8 Rxc8 23. Bc4 Nf4 24. Qf2 b5 25. Bxb5 Qg5 26. Qg3 Qxb5 27. Qxf4 Rc2 28. Rf2 Rxf2 29. Kxf2 Ba6 30. Qd2 Kg7 31. Nc3 Qc5+ 32. Qe3 Qc7 33. Qd4+ Kg8 34. Nd5 1-0

[Event "*** Titled Tuesday Blitz"]
[Site "Chess.com"]
[Date "2020.04.21"]
[Round "1"]
[White "GukeshDommaraju"]
[Black "Eltarolo"]
[Result "1-0"]
[WhiteElo "2680"]
[BlackElo "2351"]
[TimeControl "180+1"]
[EndTime "10:06:05 PDT"]
[Termination "GukeshDommaraju won by checkmate"]

1. e4 c5 2. Nf3 d6 3. d4 cxd4 4. Nxd4 Nf6 5. Nc3 g6 6. g3 Bg7 7. Bg2 O-O 8. O-O Nc6 9. Nde2 h6 10. h3 Kh7 11. Nd5 Nxd5 12. exd5 Ne5 13. a4 Bf5 14.
Ra2 Qc8 15. b3 Bxh3 16. Bb2 Bxg2 17. Kxg2 Qg4 18. f3 Qd7 19. c4 a6 20. a5 Rac8 21.
Bd4 e6 22. Nf4 exd5 23. Nxd5 Rce8 24. Qa1 f6 25. Re2 Nc6 26. Rxe8 Qxe8 27. Bxf6 Ne5 28. Bxg7 Kxg7 29. f4 Qe6 30. fxe5 dxe5 31. Rxf8 Kxf8 32.
Qa3+ Kf7 33. Qb4 Qf5 34. Qe7+ Kg8 35. Nf6+ Kh8 36. Qh7# 1-0

[Event "*** Titled Tuesday Blitz"]
[Site "Chess.com"]
[Date "2020.04.21"]
[Round "1"]
[White "tomsishere"]
[Black "afgano29"]
[Result "1-0"]
[WhiteElo "2398"]
[BlackElo "2647"]
[TimeControl "180+1"]
[EndTime "10:06:09 PDT"]
[Termination "tomsishere won by resignation"]

1. d4 Nf6 2. c4 g6 3. Nc3 d5 4. Nf3 Bg7 5. h4 dxc4 6. e4 c5 7. d5 b5 8. h5 Nxh5 9. Nxb5 O-O 10. Bxc4 Bg4 11. O-O Nd7 12. Be2 Qb8 13. a4 Nf4 14.
Bxf4 Qxf4 15. Nd2 Bxe2 16. Qxe2 Bxb2 17. Rab1 Bg7 18. g3 Qg5 19. Kg2 h5 20. f4 Qg4 21.
Qxg4 hxg4 22. Nc4 a6 23. Nc7 Ra7 24. d6 exd6 25. Nd5 Nf6 26. Nxf6+ Bxf6 27. Nxd6 Bd4 28. Nc4 Raa8 29. Rb7 Rab8 30. Rfb1 Rxb7 31. Rxb7 Rd8 32. e5 f6 33. e6 Re8 34. e7 1-0

[Event "*** Titled Tuesday Blitz"]
[Site "Chess.com"]
[Date "2020.04.21"]
[Round "1"]
[White "RaphaeI"]
[Black "Filip_Covic"]
[Result "1-0"]
[WhiteElo "2634"]
[BlackElo "2307"]
[TimeControl "180+1"]
[EndTime "10:06:09 PDT"]
[Termination "RaphaeI won by resignation"]

1. Nf3 Nf6 2. c4 e6 3. Nc3 Bb4 4. Qc2 O-O 5. a3 Bxc3 6. Qxc3 b6 7. e3 Bb7 8. b4 a5 9. Bb2 d6 10. Be2 Nbd7 11. O-O Qe7 12. d4 Ne4 13. Qb3 f5 14. d5 e5 15. Qc2 Ng5 16. Nxg5 Qxg5 17. f4 exf4 18. exf4 Qh6 19. Bd3 axb4 20. axb4 Rxa1 21. Bxa1 Qh5 22. Re1 Re8 23. Qc3 Rxe1+ 24. Qxe1 Qf7 25.
Qh4 Nf6 26. Bxf5 b5 27. Be6 1-0

[Event "*** Titled Tuesday Blitz"]
[Site "Chess.com"]
[Date "2020.04.21"]
[Round "1"]
[White "ChessWarrior7197"]
[Black "letsgoband"]
[Result "1-0"]
[WhiteElo "2879"]
[BlackElo "2453"]
[TimeControl "180+1"]
[EndTime "10:06:10 PDT"]
[Termination "ChessWarrior7197 won by resignation"]

1. e4 e6 2. d4 d5 3. Nc3 Bb4 4. Ne2 b6 5. a3 Be7 6. exd5 exd5 7. Ng3 Nf6 8. Bf4 O-O 9. Qd2 Re8 10. O-O-O c6 11. Bd3 Ba6 12. Nf5 Bf8 13. g4 Bxd3 14. Qxd3 Nbd7 15. f3 Re6 16. h4 b5 17. h5 Qa5 18. g5 Bxa3 19. gxf6 Nb6 20. Nb1 Bxb2+ 21. Kxb2 Nc4+ 22. Kc1 Rxf6 23. Rdg1 Re8 24. Rxg7+ Kh8 25.
Be5 Nxe5 26. dxe5 Rxf5 27. Qxf5 Kxg7 28. h6+ Kf8 29. Qxh7 Rxe5 30. Qh8+ Ke7 31. Qxe5+ 1-0

[Event "*** Titled Tuesday Blitz"]
[Site "Chess.com"]
[Date "2020.04.21"]
[Round "1"]
[White "Saloni1299"]
[Black "ArnaudovP"]
[Result "0-1"]
[WhiteElo "2306"]
[BlackElo "2632"]
[TimeControl "180+1"]
[EndTime "10:06:11 PDT"]
[Termination "ArnaudovP won by resignation"]

1. e4 c6 2. d4 d5 3. e5 Bf5 4. h4 Qc7 5. g4 Bd7 6. h5 c5 7. c3 Nc6 8. Be3 O-O-O 9. f4 Nh6 10. Bh3 f6 11. Na3 a6 12. Qd2 fxe5 13. fxe5 Nxg4 14. Bf4 cxd4 15. cxd4 Bf5 16. Ne2 e6 17. Rg1 Nh6 18.
Bg2 Bb4 19. Nc3 Qb6 20. Be3 Nxe5 21. dxe5 d4 22. Nc4 Qc5 23. Bxb7+ Kxb7 24. Rxg7+ Kb8 25. Qg2 Qd5 26. Qxd5 exd5 27. Bxh6 dxc3 28. b3 dxc4 29. Bf4 c2+ 30. Ke2 Rd4 31. Bg3 Rg4 32. Rxg4 Bxg4+ 33. Ke3 cxb3 34. e6+ Kb7 35. axb3 Bxe6 36. Kd3 Rc8 37.
Rc1 Bf5+ 38. Kd4 Ba3 0-1

[Event "*** Titled Tuesday Blitz"]
[Site "Chess.com"]
[Date "2020.04.21"]
[Round "1"]
[White "narutosmith"]
[Black "nocnypako"]
[Result "1/2-1/2"]
[WhiteElo "2250"]
[BlackElo "2586"]
[TimeControl "180+1"]
[EndTime "10:06:11 PDT"]
[Termination "Game drawn - insufficient material"]

1. c4 Nf6 2. Nc3 d5 3. cxd5 Nxd5 4. g3 g6 5. Bg2 Nb6 6. d3 Bg7 7. Nf3 Nc6 8. Be3 Nd4 9. Qd2 O-O 10. O-O Nf5 11.
Bf4 Re8 12. Rac1 e5 13. Bg5 f6 14. Be3 Nxe3 15. Qxe3 c6 16. b4 Be6 17. b5 Nd5 18.
Qd2 Nxc3 19. Qxc3 cxb5 20. Qb2 a6 21. Rc2 Qd7 22. Rfc1 Rac8 23. Nd2 Rxc2 24. Qxc2 Rc8 25. Qxc8+ Qxc8 26. Rxc8+ Bxc8 27. Ne4 b4 28. Nd6 Be6 29. Bxb7 a5 30. Nc4 a4 31. Kf1 Bxc4 32. dxc4 b3 33. c5 Kf8 34. Bd5 b2 35. Be4 f5 36.
Bc2 e4 37. e3 Bc3 38. Ke2 Ke7 39. a3 Ke6 40. c6 Kd6 41. f3 exf3+ 42. Kxf3 Kxc6 43.
Bxa4+ Kc5 44. Bc2 Kc4 45. g4 fxg4+ 46. Kxg4 Be5 47. h4 Kc3 48. Bb1 Kd2 49. h5 gxh5+ 50. Kxh5 Kxe3 51. Bxh7 Kd2 52. a4 Bc7 53. Bb1 Kc1 54. Bg6 b1=Q 55. Bxb1 Kxb1 56. a5 Bxa5 1/2-1/2

[Event "*** Titled Tuesday Blitz"]
[Site "Chess.com"]
[Date "2020.04.21"]
[Round "1"]
[White "avocadosheena"]
[Black "enriquetejedor"]
[Result "0-1"]
[WhiteElo "2117"]
[BlackElo "2523"]
[TimeControl "180+1"]
[EndTime "10:06:11 PDT"]
[Termination "enriquetejedor won on time"]

1. d4 Nf6 2. c4 e6 3. Nf3 d5 4. Nc3 Bb4 5. Bg5 h6 6. Bxf6 Qxf6 7. Qa4+ Nc6 8. e3 O-O 9. cxd5 exd5 10. Be2 Be6 11.
O-O a6 12. a3 Bd6 13. b4 Ne7 14. Qc2 c6 15. Bd3 Rad8 16. Na4 Bg4 17. Ne1 Rfe8 18.
f3 Be6 19. Qf2 Nf5 20. Nc2 Re7 21. e4 Nxd4 22. Nxd4 Be5 23. Kh1 Bxd4 24. Qe2 Bxa1 25. Rxa1 Qxa1+ 0-1

[Event "*** Titled Tuesday Blitz"]
[Site "Chess.com"]
[Date "2020.04.21"]
[Round "1"]
[White "JakeCarlosBanawa"]
[Black "ElHelvetico"]
[Result "0-1"]
[WhiteElo "2319"]
[BlackElo "2652"]
[TimeControl "180+1"]
[EndTime "10:06:12 PDT"]
[Termination "ElHelvetico won by resignation"]

1. d4 f5 2. Bg5 g6 3. Nc3 Bg7 4. e3 h6 5. Bf4 Nf6 6. h4 d6 7. Bc4 e6 8. Qf3 O-O 9. Qg3 Kh7 10. h5 g5 11. Bxg5 hxg5 12. Qxg5 Qe8 13. f4 Ng4 14. Nf3 Bf6 15. Qg6+ Qxg6 16. hxg6+ Kxg6 17. Ke2 d5 18. Nb5 dxc4 19. Nxc7 Na6 20. Nxa8 Bd7 21. Rh3 Rxa8 22. Rah1 Nb4 23. Kd2 Bc6 24.
Rh7 Nd5 25. Ne5+ Bxe5 26. dxe5 Ndxe3 27. Re7 Rd8+ 28. Ke2 Nd5 29. Rxe6+ Kf7 30. Rd6 Rxd6 31. exd6 Nxf4+ 32. Kd2 Ke6 33. Rf1 Nxg2 34. Kc3 N2e3 35. Rf4 Nd5+ 0-1

[Event "*** Titled Tuesday Blitz"]
[Site "Chess.com"]
[Date "2020.04.21"]
[Round "1"]
[White "Gajuchess"]
[Black "DejanNestor64"]
[Result "1-0"]
[WhiteElo "2734"]
[BlackElo "2385"]
[TimeControl "180+1"]
[EndTime "10:06:13 PDT"]
[Termination "Gajuchess won on time"]

1. d4 Nf6 2. c4 e6 3. Nf3 Bb4+ 4.
Nbd2 O-O 5. a3 Bxd2+ 6. Qxd2 b6 7. e3 Bb7 8. Be2 Ne4 9. Qc2 d6 10. O-O f5 11. b4 Nd7 12. Bb2 Rf6 13. d5 Rh6 14. g3 c5 15. Rad1 exd5 16. cxd5 Qe8 17. Ne1 Qf7 18. Ng2 Ng5 19. h4 Ne4 20. Nf4 g5 21.
hxg5 Nxg5 22. Kg2 Re8 23. bxc5 dxc5 24. Qc3 Ne5 25. f3 Kf8 26. d6 Ng6 27. d7 Rd8 28.
Bc4 Qe7 29. Qf6+ Qxf6 30. Bxf6 Nxf3 31. Ne6+ 1-0

[Event "*** Titled Tuesday Blitz"]
[Site "Chess.com"]
[Date "2020.04.21"]
[Round "1"]
[White "SoltaniciR"]
[Black "HanSchut"]
[Result "1-0"]
[WhiteElo "2597"]
[BlackElo "2247"]
[TimeControl "180+1"]
[EndTime "10:06:13 PDT"]
[Termination "SoltaniciR won on time"]

1. e4 c5 2. Nf3 d6 3. Nc3 Nf6 4. d4 cxd4 5. Nxd4 a6 6. Be3 e5 7.
Nf3 Qc7 8. a4 Be7 9. a5 Be6 10.
Be2 Nbd7 11. Nd5 Nxd5 12. exd5 Bf5 13. c4 O-O 14. O-O Bg6 15. Nd2 f5 16. f3 Bf6 17.
Ra2 f4 18. Bf2 Nc5 19. b4 Nd3 20. Bxd3 Bxd3 21. Re1 Rac8 22. Ra3 Bf5 23. c5 Rfe8 24. Ne4 Bxe4 25. Rxe4 Be7 26. Rc4 Qd7 27. c6 bxc6 28. dxc6 Qe6 29. Qd3 d5 30. Rc1 Bxb4 31. Ra4 1-0